 Dungeon Crawl Stone Soup version 0.30-a0-174-gbc10bd73c2 (webtiles) character file.

Game seed: 13302564931894700705

479 qw the Chopper (level 7, -3/41 HPs)
             Began as a Gargoyle Fighter on Oct 1, 2022.
             Slain by a yak (7 damage)
             ... on level 5 of the Dungeon.
             The game lasted 00:01:06 (2300 turns).

qw the Chopper (Gargoyle Fighter)                   Turns: 2300, Time: 00:01:07

Health: -3/41      AC: 13    Str: 20    XL:     7   Next: 11%
Magic:  7/7        EV:  6    Int:  8    God:
Gold:   113        SH:  9    Dex: 13    Spells: 6/6 levels left

rFire   . . .      SeeInvis .    Y - +0 war axe
rCold   . . .      Faith    .    o - +0 kite shield
rNeg    + . .      Spirit   .    g - +0 chain mail
rPois   inf        Reflect  .    (helmet restricted)
rElec   +          Harm     .    (no cloak)
rCorr   .          Rampage  .    (no gloves)
Will    .....                    (no boots)
Stlth   ..........               (no amulet)
HPRegen 0.26/turn                (no ring)
MPRegen 0.10/turn                (no ring)

@: about to teleport
A: sickness immunity, AC +4, negative energy resistance 1, electricity
resistance, torment resistance 1, petrification resistance, antennae 1, agile 1
a: no special abilities


You were on level 5 of the Dungeon.
You visited 1 branch of the dungeon, and saw 5 of its levels.

You collected 360 gold pieces.
You spent 247 gold pieces at shops.


Innate Abilities, Weirdness & Mutations

You are immune to sickness and miasma.
Your stone body is resilient. (AC +4)
You are immune to poison.
You resist negative energy. (rN+)
You are resistant to electric shocks. (rElec)
You are resistant to unholy torment.
You are immune to petrification.
You have a pair of small antennae on your head.
You are agile. (Dex +4, Str/Int -1)


   Skills:
 + Level 3.4 Fighting
 - Level 5.4 Axes
 - Level 1.0 Throwing
 - Level 3.2 Armour
 - Level 1.6 Dodging
 - Level 5.0 Shields


You had 6 spell levels left.
You didn't know any spells.
Your spell library was empty.

Inventory:

Hand Weapons
 p - a +0 morningstar
 Y - a +0 war axe (weapon)
Armour
 f - a scarf of invisibility
 g - a +0 chain mail (worn)
 o - a +0 kite shield (worn)
Scrolls
 b - 2 scrolls of magic mapping {unknown}
 e - 2 scrolls of identify
 i - a scroll of teleportation
Potions
 a - a potion of mutation
 c - a potion of invisibility {unknown}
 d - 2 potions of might
 h - a potion of heal wounds {unknown}
 k - 2 potions of curing

Dungeon Overview and Level Annotations

Branches:
Dungeon (4/15)
 Temple: D:4-7

Altars:
Nemelex Xobeh
Zin

Shops:
D:3 [?=*(

Annotations:
D:3 1 runed translucent door, Crazy Yiuf


Message History

You block the yak's attack.
You slash the yak!
The yak is heavily wounded.
You barely miss the yak. The yak closely misses you.
You block the yak's attack.
You barely miss the yak.
The yak is moderately wounded.
You hit the yak. The yak gores you but does no damage.
The yak closely misses you.
You completely miss the yak.
The yak is moderately wounded.
You barely miss the yak. The yak gores you but does no damage.
The yak gores you! The yak gores you but does no damage. The yak gores you.
You slash the yak!
The yak is severely wounded.
You hit the yak. The yak gores you.
You completely miss the yak.
The yak is severely wounded.
You slash the yak! The yak gores you but does no damage.
The yak barely misses you. The yak gores you but does no damage.
You hit the yak.
The yak is severely wounded.
You closely miss the yak. You block the yak's attack. The yak gores you!
You hit the yak.
The yak is almost dead.
You hit the yak. You block the yak's attack. x2
You hit the yak but do no damage.
The yak is almost dead.
You closely miss the yak. The yak gores you!
The yak gores you but does no damage. x3
2300 ||| READING 2 scrolls of teleportation.
As you read the scroll of teleportation, it crumbles to dust.
You feel strangely unstable. The yak gores you!
You die...

... ##.. #... #...
#... #####
#.Y{##...##
#####Y##.....#
###....Y@......#
##..............##
#..#####%...........
#.##._.##...........
#..##'##............
#.........#.......?#
#.8.....8.#.........
##..8.8..##..#......
##......#.........


You could see 3 yaks.

Vanquished Creatures
  Pargi (D:3)
  A black bear (D:4)
  A phantom (D:4)
  A scorpion (D:4)
  Robin (D:3)
  6 adders
  A shadow imp (D:4)
  A dart slug (D:1)
  3 orcs
  5 ball pythons
  6 bats
  2 endoplasms (D:1)
  4 giant cockroaches
  21 goblins
  5 hobgoblins
  9 jackals
  2 quokkas
  2 frilled lizards
  3 kobolds
75 creatures vanquished.

Vanquished Creatures (others)
  4 toadstools (D:1)
4 creatures vanquished.

Grand Total: 79 creatures vanquished

Notes
Turn   | Place    | Note
-------+----------+-------------------------------------------
     0 | D:1      | qw the Gargoyle Fighter began the quest for the Orb.
     0 | D:1      | Reached XP level 1. HP: 14/14 MP: 1/1
     0 | D:1      | 0 ||| qw: Version: 0.2-a-13-gfc7b4b4
     0 | D:1      | 0 ||| qw: Game counter: 1897
     0 | D:1      | 0 ||| qw: Always use a shield: true
     0 | D:1      | 0 ||| qw: God list: Okawaru
     0 | D:1      | 0 ||| qw: Allow faded altars: false
     0 | D:1      | 0 ||| qw: Do Orc after D:15 true
     0 | D:1      | 0 ||| qw: Do second Lair branch before Depths: true
     0 | D:1      | 0 ||| qw: Lair rune preference: random
     0 | D:1      | 0 ||| qw: Plans: Normal, Zot:1-4, God:TSO, Crypt, Tomb,
                  | Pan, Slime:5, Hells, Abyss, Orb
     0 | D:1      | 0 ||| PLANNING D:1-11
   148 | D:1      | Found a faded altar of an unknown god.
   214 | D:1      | Reached XP level 2. HP: 18/19 MP: 2/2
   282 | D:1      | 282 ||| DROPPING +0 club.
   435 | D:1      | 435 ||| Stepping ~*~*~tactically~*~*~ (stealth).
   440 | D:1      | Reached skill level 3 in Axes
   445 | D:1      | Reached XP level 3. HP: 21/23 MP: 3/3
   510 | D:1      | 510 ||| Stepping ~*~*~tactically~*~*~ (stealth).
   730 | D:1      | 730 ||| DROPPING ring of magical power.
   731 | D:1      | 731 ||| READING scroll labelled TAGAB KAUPN.
   732 | D:1      | 732 ||| READING scroll labelled TIANUA AHOFU.
   733 | D:1      | 733 ||| READING 2 scrolls labelled GIOS VUUVVO.
   811 | D:2      | Reached skill level 1 in Throwing
   882 | D:2      | Reached XP level 4. HP: 28/28 MP: 4/4
   888 | D:2      | 888 ||| Stepping ~*~*~tactically~*~*~ (stealth).
  1094 | D:2      | 1094 ||| UPGRADING to +0 chain mail.
  1104 | D:2      | 1104 ||| DROPPING +0 scale mail.
  1105 | D:2      | 1105 ||| UPGRADING to +0 kite shield.
  1115 | D:2      | 1115 ||| DROPPING +0 buckler.
  1116 | D:2      | 1116 ||| DROPPING ring of flight.
  1117 | D:2      | 1117 ||| READING scroll labelled XOFUIT FUYRYLL.
  1118 | D:2      | 1118 ||| DRINKING 2 glowing sapphire potions.
  1223 | D:2      | 1223 ||| DROPPING potion of berserk rage.
  1231 | D:3      | Found Uciaryu's Assorted Antiques.
  1234 | D:3      | 1234 ||| BUYING sapphire potion (27 gold).
  1234 | D:3      | Bought a sapphire potion for 27 gold pieces
  1234 | D:3      | 1234 ||| BUYING scroll labelled IBOYFON SUEF (30 gold).
  1234 | D:3      | Bought a scroll labelled IBOYFON SUEF for 30 gold pieces
  1234 | D:3      | 1234 ||| BUYING scroll labelled MITZADW ISUI (30 gold).
  1234 | D:3      | Bought a scroll labelled MITZADW ISUI for 30 gold pieces
  1234 | D:3      | 1234 ||| BUYING scroll of teleportation (90 gold).
  1234 | D:3      | Bought a scroll of teleportation for 90 gold pieces
  1234 | D:3      | 1234 ||| SHOPLISTING shiny scale mail (210 gold, have 33).
  1245 | D:3      | Found a sparkling altar of Nemelex Xobeh.
  1247 | D:3      | 1247 ||| Stepping ~*~*~tactically~*~*~ (stealth).
  1248 | D:3      | 1248 ||| Stepping ~*~*~tactically~*~*~ (stealth).
  1275 | D:3      | Found Yseyl's Jewellery Shoppe.
  1295 | D:3      | Noticed Pargi
  1314 | D:3      | Killed Pargi
  1315 | D:3      | Reached XP level 5. HP: 14/32 MP: 5/5
  1385 | D:3      | 1385 ||| SHOPLISTING +6 ring of strength (360 gold, have
                  | 57).
  1385 | D:3      | 1385 ||| SHOPLISTING amulet of guardian spirit (300 gold,
                  | have 57).
  1385 | D:3      | 1385 ||| SHOPLISTING amulet of reflection (300 gold, have
                  | 57).
  1385 | D:3      | 1385 ||| SHOPLISTING amulet of regeneration (300 gold, have
                  | 57).
  1385 | D:3      | 1385 ||| SHOPLISTING ring of protection from cold (250
                  | gold, have 57).
  1385 | D:3      | 1385 ||| SHOPLISTING ring of willpower (250 gold, have 57).
  1398 | D:3      | Found Veisangu's Armour Emporium.
  1404 | D:3      | 1404 ||| SHOPLISTING +0 storm dragon scales (800 gold, have
                  | 57).
  1404 | D:3      | 1404 ||| SHOPLISTING +4 plate armour "Poho" {Harm +Inv
                  | rElec rN+} (682 gold, have 57).
  1404 | D:3      | Found Efeus's Magic Scroll Boutique.
  1414 | D:3      | 1414 ||| SHOPLISTING scroll of enchant armour (97 gold,
                  | have 57).
  1414 | D:3      | 1414 ||| BUYING scroll of identify (26 gold).
  1414 | D:3      | Bought a scroll of identify for 26 gold pieces
  1600 | D:3      | Noticed Robin
  1615 | D:3      | Killed Robin
  1768 | D:3      | Found a runed translucent door.
  1769 | D:3      | Noticed Crazy Yiuf
  1876 | D:3      | Found Reomontol's Weapon Shop.
  1881 | D:3      | 1881 ||| BUYING +0 morningstar (44 gold).
  1881 | D:3      | Bought a +0 morningstar for 44 gold pieces
  1881 | D:3      | 1881 ||| SHOPLISTING +0 war axe of flaming (91 gold, have
                  | 52).
  1881 | D:3      | 1881 ||| DROPPING +0 whip.
  1962 | D:3      | 1962 ||| UPGRADING to +0 helmet.
  1967 | D:3      | 1967 ||| READING 2 scrolls labelled IBOYFON SUEF.
  1968 | D:3      | 1968 ||| READING scroll labelled MITZADW ISUI.
  1969 | D:3      | 1969 ||| READING scroll labelled EHIUJ ASIAL.
  1970 | D:3      | 1970 ||| DRINKING 2 black potions.
  1970 | D:3      | Gained mutation: You are agile. (Dex +4, Str/Int -1)
                  | [potion of mutation]
  1970 | D:3      | Gained mutation: You have a pair of small antennae on your
                  | head. [potion of mutation]
  1971 | D:3      | 1971 ||| DROPPING +0 helmet.
  1972 | D:3      | 1972 ||| DRINKING 2 fizzy dark potions.
  1973 | D:3      | 1973 ||| READING 2 scrolls of identify.
  1973 | D:3      | 1973 ||| IDENTIFYING sapphire potion
  1974 | D:3      | 1974 ||| DROPPING potion of flight.
  1975 | D:3      | 1975 ||| DROPPING scroll of fear.
  2005 | D:4      | Reached XP level 6. HP: 37/37 MP: 6/6
  2005 | D:4      | 2005 ||| Stepping ~*~*~tactically~*~*~ (stealth).
  2011 | D:4      | 2011 ||| Stepping ~*~*~tactically~*~*~ (hiding).
  2014 | D:4      | 2014 ||| Stepping ~*~*~tactically~*~*~ (hiding).
  2160 | D:4      | 2160 ||| Stepping ~*~*~tactically~*~*~ (stealth).
  2161 | D:4      | 2161 ||| Stepping ~*~*~tactically~*~*~ (stealth).
  2162 | D:4      | 2162 ||| Stepping ~*~*~tactically~*~*~ (stealth).
  2163 | D:4      | 2163 ||| Stepping ~*~*~tactically~*~*~ (stealth).
  2163 | D:4      | Noticed a black bear
  2164 | D:4      | 2164 ||| Stepping ~*~*~tactically~*~*~ (stealth).
  2167 | D:4      | 2167 ||| Stepping ~*~*~tactically~*~*~ (stealth).
  2170 | D:4      | 2170 ||| Stepping ~*~*~tactically~*~*~ (stealth).
  2177 | D:4      | Killed a black bear
  2213 | D:4      | Reached skill level 1 in Dodging
  2213 | D:4      | Reached XP level 7. HP: 41/41 MP: 7/7
  2251 | D:4      | You fall into a shaft and drop 1 floor!
  2251 | D:5      | Entered Level 5 of the Dungeon
  2260 | D:5      | Found a glowing silver altar of Zin.
  2266 | D:5      | 2266 ||| Stepping ~*~*~tactically~*~*~ (stealth).
  2281 | D:5      | Noticed a yak
  2281 | D:5      | Noticed a yak
  2281 | D:5      | Noticed a yak
  2282 | D:5      | 2282 ||| Stepping ~*~*~tactically~*~*~ (stealth).
  2283 | D:5      | Noticed a yak
  2283 | D:5      | Noticed a yak
  2284 | D:5      | 2284 ||| Stepping ~*~*~tactically~*~*~ (stealth).
  2286 | D:5      | 2286 ||| Stepping ~*~*~tactically~*~*~ (stealth).
  2299 | D:5      | HP: 4/41 [yak (13)]
  2300 | D:5      | 2300 ||| READING 2 scrolls of teleportation.
  2300 | D:5      | Slain by a yak

Levels and vault maps discovered:
D:1:      ldierk_water_garden, layout_basic,
          hellmonk_ecumenical_altar_inner_sanctum,
          hangedman_abyss_or_decor_lesser_grid
D:2:      layout_rooms, guppyfry_early_lair_pool
D:3:      layout_basic, lemuel_round_altar, serial_shops,
          nicolae_shop_behind_doors, shop_statue, shop, shop, shop,
          serial_glass, glass_columns_a, glass_columns_c, uniq_robin,
          uniq_crazy_yiuf_cottage, uniq_pargi
D:4:      layout_basic, mainiacjoe_overflow_boulevard, uniq_pikel
D:5:      layout_rooms, marbit_many_paths, overflow_temple_1_default,
          kennysheep_mini_moat, zin_statuary, serial_shops,
          nicolae_inconvenience_store, wad_rectangle_vault

Skill      XL: |  1  2  3  4  5  6 |
---------------+-------------------+-----
Axes           | 2 3 4 5 |  5.4
Throwing       | 1 |  1.0
Shields        | 5 |  5.0
Dodging        | 1 |  1.6
Fighting       | |  3.4
Armour         | |  3.2

Action                   |  1- 3 |  4- 6 |  7- 9 || total
-------------------------+-------+-------+-------++-------
Melee: War axe           |    82 |   103 |    20 ||   205
Throw: Javelin           |     8 |    19 |       ||    27
  Use: Scroll            |     3 |     5 |     1 ||     9
       Potion            |       |     3 |       ||     3
Armor: Scale mail        |    38 |     7 |       ||    45
       Chain mail        |       |    93 |    12 ||   105
Dodge: Dodged            |    37 |    38 |     6 ||    81
Block: Buckler           |    18 |     3 |       ||    21
       Kite shield       |       |    61 |    12 ||    73

Table legend:
 A = Non-vault XP
 B = Vault XP
 C = Vault XP percentage of total XP
 D = Non-vault monster count
 E = Vault monster count
 F = Vault count percentage of total count
                 A         B        C        D         E       F
            +---------+---------+-------+---------+---------+-------
      Total |     505 |     180 |  26.3 |      63 |      12 |  16.0
            +---------+---------+-------+---------+---------+-------
        D:1 |      47 |       0 |   0.0 |      25 |       0 |   0.0
        D:2 |      68 |       0 |   0.0 |      11 |       0 |   0.0
        D:3 |      35 |     167 |  82.7 |      12 |      11 |  47.8
        D:4 |     355 |       0 |   0.0 |      15 |       0 |   0.0
        D:5 |       0 |      13 | 100.0 |       0 |       1 | 100.0
            +---------+---------+-------+---------+---------+-------
